 Dungeon Crawl Stone Soup version 0.16.2-12-gd0ad4c3 (webtiles) character file.

500300 faibistes the Sorcerer (level 24, -9/144 HPs)
             Began as a Deep Elf Wizard on Feb 6, 2019.
             Was the Champion of Sif Muna.
             Killed from afar by a war gargoyle (51 damage)
             ... with a spray of metal splinters
             ... on level 4 of the Depths on Feb 7, 2019.
             The game lasted 05:26:19 (110689 turns).

faibistes the Sorcerer (Deep Elf Wizard)          Turns: 110689, Time: 05:26:19

Health: -9/144     AC: 17    Str:  9 (10) XL:     24   Next: 3%
Magic:  7/67       EV: 18    Int: 36      God:    Sif Muna [******]
Gold:   1172       SH:  0    Dex: 13      Spells: 12 memorised, 1 level left

rFire  + . .     SeeInvis +     w - staff of power
rCold  . . .     Clarity  .     W - +2 robe {Archmagi}
rNeg   + . .     SustAb   .     (no shield)
rPois  +         Gourm    .     A - +1 helmet {SInv}
rElec  .         Spirit   .     b - +2 cloak {MR+}
rCorr  .         Warding  +     y - +2 pair of gloves
rMut   .         Stasis   .     e - +0 pair of boots {Fly}
MR     +++..                    j - amulet "Sunwadin" {Ward rPois rN+ Str+4 SInv}
Stlth  ++........               N - ring of Pragmatism {Wiz rF+ Str+2}
                                g - ring of magical power

@: flying, deflect missiles, extremely resistant to hostile enchantments,
unstealthy
A: iridescent scales 1, deterioration 1
a: Channel Energy, Forget Spell, Renounce Religion, Stop Flying
}: 2/15 runes: decaying, serpentine


You were on level 4 of the Depths.
You worshipped Sif Muna.
Sif Muna was exalted by your worship.
You were not hungry.

You visited 9 branches of the dungeon, and saw 49 of its levels.
You visited the Abyss 1 time.
You visited 2 bazaars.

You collected 6567 gold pieces.
You spent 5395 gold pieces at shops.

Inventory:

Hand weapons
 D - the +6 hand axe of Lopedom {drain, rF++ rN+ Str+6 Stlth-}
   (You bought it in a shop on level 3 of the Orcish Mines)

   A truly terrible weapon, it drains the life of those it strikes.
   It affects your strength (+6).
   It greatly protects you from fire.
   It protects you from negative energy.
   It makes you less stealthy.
Armour
 b - a +2 cloak of magic resistance (worn)
 e - a +0 pair of boots of flying (worn)
 y - a +2 pair of gloves (worn)
 A - a +1 helmet of see invisible (worn)
 W - a +2 robe of the Archmagi (worn)
Magical staves
 w - an uncursed staff of power (weapon)
Rods
 x - a +2 rod of the swarm (12/12)
   (You found it on level 4 of the Depths)
 Q - a -1 rod of destruction (10/10)
   (You found it on level 1 of the Vaults)
Jewellery
 c - the amulet "Waadiag" {Clar rN+ Dex+7}
   (You found it on level 4 of the Depths)

   [amulet of clarity]

   It provides mental clarity.
   It affects your dexterity (+7).
   It protects you from negative energy.
 g - a ring of magical power (left hand)
 j - the amulet "Sunwadin" (around neck) {Ward rPois rN+ Str+4 SInv}
   (You bought it in a shop in a bazaar)

   [amulet of warding]

   It may prevent the melee attacks of summoned creatures.
   It affects your strength (+4).
   It protects you from poison.
   It protects you from negative energy.
   It enhances your eyesight.
 B - an uncursed amulet of resist mutation
 N - the ring of Pragmatism (right hand) {Wiz rF+ Str+2}
   (You found it on level 3 of the Vaults)

   [ring of wizardry]

   It improves your spell success rate.
   It affects your strength (+2).
   It protects you from fire.
Magical devices
 a - a wand of fire (0)
 l - a wand of fire (5)
 n - a wand of teleportation (3)
 z - a wand of cold (4)
 C - a wand of teleportation (2)
 H - a wand of teleportation (2)
 L - a wand of digging (10)
 M - a wand of heal wounds (2)
 R - a wand of invisibility (3)
 V - a wand of paralysis (6)
 X - a wand of disintegration (13)
Scrolls
 f - 4 scrolls of magic mapping
 i - 18 scrolls of identify
 m - 10 scrolls of fear
 s - 7 scrolls of recharging
 t - 12 scrolls of remove curse
 E - 6 scrolls of teleportation
 G - 6 scrolls of fog
 K - a scroll of torment
 O - 6 scrolls of blinking
 S - 4 scrolls of summoning
 U - 4 scrolls of immolation
 Y - 2 scrolls of holy word
Potions
 h - 10 potions of curing
 o - 2 potions of magic
 q - 8 potions of brilliance
 r - 2 potions of invisibility
 v - 3 potions of resistance
 F - 5 potions of restore abilities
 I - 8 potions of heal wounds
 J - 2 potions of haste
 P - 2 potions of cancellation
 Z - 5 potions of ambrosia
Books
 u - a book of Callings

   Spells                             Type                      Level
   a - Summon Small Mammal            Summoning                    1
   b - Call Imp                       Summoning                    2
   c - Call Canine Familiar           Summoning                    3
   d - Summon Guardian Golem          Hexes/Summoning              4
   e - Summon Lightning Spire         Summoning/Air                4
   f - Summon Ice Beast               Ice/Summoning                4
Comestibles
 d - 15 bread rations
 k - 14 royal jellies
 p - 26 meat rations


   Skills:
 + Level 12.9 Fighting
 - Level 10.3 Dodging
 - Level 2.4 Stealth
 * Level 23.9 Spellcasting
 * Level 19.1 Conjurations
 - Level 12.5 Charms
   Level 1.1 Summonings
 - Level 7.1 Translocations
   Level 3.0 Transmutations
 * Level 19.0 Fire Magic
 - Level 5.1 Air Magic
 * Level 19.2 Earth Magic
   Level 5.3 Poison Magic
 - Level 10.8 Invocations
 - Level 9.0 Evocations


You had one spell level left.
You knew the following spells:

 Your Spells              Type           Power        Failure   Level  Hunger
a - Iron Shot             Conj/Erth      ########..   1%          6    None
b - Ring of Flames        Chrm/Fire      ########..   1%          7    None
c - Shatter               Erth           ########..   7%          9    ####...
d - Blink                 Tloc           N/A          1%          2    None
e - Fire Storm            Conj/Fire      ########..   7%          9    ####...
f - Deflect Missiles      Chrm/Air       ########..   1%          6    None
g - Airstrike             Air            #######...   1%          4    None
h - Haste                 Chrm           ########     1%          6    None
l - Lee's Rapid Deconstr  Erth           ########..   0%          5    None
v - Bolt of Fire          Conj/Fire      ########..   1%          6    None
x - Force Lance           Conj/Tloc      ########     1%          4    None
z - Fireball              Conj/Fire      ########..   0%          5    None


Dungeon Overview and Level Annotations

Branches:
Dungeon (15/15)            Temple (1/1) D:4            Lair (8/8) D:8
  Swamp (5/5) Lair:4        Snake (5/5) Lair:4        Slime (0/6) Lair:6
    Orc (4/4) D:12            Elf (2/3) Orc:3        Vaults (4/5) D:14
  Crypt (0/3) Vaults:2     Depths (5/5) D:15
    Zot: Depths:5

Altars:
Ashenzari
Cheibriados
Dithmenos
Elyvilon
Fedhas
Gozag
Kikubaaqudgha
Makhleb
Nemelex Xobeh
Okawaru
Qazlal
Ru
Sif Muna
Trog
Vehumet
Xom
Yredelemnul
Zin
The Shining One
Beogh

Shops:
D:7 !   D:11 [([?   D:12 :(   D:14 *   Orc:1 :   Orc:3 [*!   Orc:4 ?%[[
Elf:1 *   Vaults:2 %   Vaults:3 =   Vaults:4 [   Depths:1 }   Depths:2 *![[%
Depths:3 }   Depths:4 (   Depths:5 (

Portals:
Hell: Depths:1 Depths:2 Depths:3 Depths:4
Abyss: Depths:1 Depths:4
Pandemonium: Depths:1 Depths:2 Depths:3
Ziggurat: Depths:2
Trove: D:15 (give +2 storm dragon armour)

Annotations:
Depths:4 2 runed doors


Innate Abilities, Weirdness & Mutations

You are partially covered in iridescent scales (AC +4).
Your body is slowly deteriorating.


Message History

This wand has 1 charge left.
The war gargoyle hits you with a morningstar of protection!
The ancient lich touches you!!
Evoke which item? (* to show all) (? for menu, Esc to quit)
Zapping:
a - a wand of fire (1)
Press: ? - help, Shift-Dir - straight line, f/p - ancient lich
Aim: an ancient lich (almost destroyed, slightly transparent)
The bolt of fire hits the ancient lich.
The ancient lich resists.
The ancient lich is almost destroyed.
This wand has 0 charges left.
The war gargoyle hits you with a morningstar of protection!
The ancient lich touches you!
Use which ability? (? or * to list)
You channel some magical energy.
You feel somewhat more hungry.
The war gargoyle hits you with a morningstar of protection!!
The ancient lich touches you.
* * * LOW HITPOINT WARNING * * *
The war gargoyle launches metal splinters at you.
The spray of metal splinters hits you!
You die...

#§######.....##§.####
#.§§§.##.....##§..§§##
#####§#..§§..#.#..#§§#
#...§...*..§.......§.#
#.######..###....#.#.#
#'############.#.###########
#.....#≈≈§≈§≈#9L....#≈≈≈≈≈≈#
#.....#≈####§.......#≈####≈#
#..)..'.#≈≈≈≈##.@...).#≈≈≈≈#
#.)...###≈#####.....###≈####
#...(.# #≈≈≈§§'.....# #≈≈≈≈#
####### ############# ####≈#
##########################'#
#......'.....##≈≈≈≈≈≈'.....#
#.######).)..##≈######.)...#
#.....##.)...##≈≈≈≈≈≈#.....#
#####.##.....#######≈#..)..#


You could see an ancient lich (invisible) and a war gargoyle.

Vanquished Creatures
  Sojobo (Vaults:2)
  Margery (Depths:3)
  Saint Roka (Depths:4)
  A caustic shrike (Depths:3)
  A golden dragon (Depths:3)
  2 tentacled monstrosities (Depths:3)
  5 liches
  The ghost of faibistes the Sorcerer, a mighty DEWz of Sif Muna (Vaults:1)
  A quicksilver dragon (Depths:4)
  An Executioner (Abyss:1)
  2 sphinxes
  A tentacled starspawn (Abyss:2)
  Agnes (Swamp:3)
  An ancient champion (Vaults:2)
  3 thorn hunters
  6 tengu reavers
  The ghost of faibistes the Eclecticist, a mighty DEWz of Sif Muna (Swamp:3)
  3 storm dragons
  4 fire giants
  3 frost giants
  Donald (Vaults:3)
  9 deep elf sorcerers
  Wiglaf (Depths:2)
  5 greater nagas (Snake:5)
  3 emperor scorpions
  A ghoul (Vaults:2)
  Aizul (Snake:5)
  Louise (Snake:4)
  An orc warlord (Orc:4)
  9 vault wardens
  Gastronok (Orc:3)
  Jorgrun (Vaults:2)
  19 stone giants
  2 war gargoyles
  A caustic shrike skeleton (Depths:2)
  13 ironheart preservers
  8 very ugly things
  The ghost of faibistes the Eclecticist, a powerful DEWz of Sif Muna (Elf:1)
  3 vampire knights
  3 deep elf demonologists
  4 deep elf annihilators
  8 dire elephants
  3 deep elf death magi
  11 ettins
  A blizzard demon (Depths:3)
  2 crystal guardians (Depths:4)
  4 minotaurs
  6 great orbs of eyes
  16 yaktaur captains
  12 fire dragons
  7 rakshasas
  2 vault guards (Vaults:4)
  18 naga warriors
  11 centaur warriors
  A hell beast (Depths:3)
  An anaconda (shapeshifter) (Vaults:1)
  26 hydras
  19 ice dragons
  11 ogre magi
  4 ghost crabs
  5 catoblepae
  10 anacondas
  2 spriggan air magi
  13 deep troll shamans
  19 dancing weapons
  9 deep troll earth magi
  4 alligators
  The ghost of faibistes the Thaumaturge, a powerful DEWz of Sif Muna (D:10)
  2 tengu warriors
  9 shock serpents
  36 death yaks
  A thrashing horror (Abyss:1)
  2 hell hogs (Depths:1)
  A vampire mage (Vaults:2)
  2 spriggan berserkers
  Nergalle (Depths:4)
  9 hell knights
  15 deep elf knights
  3 iron trolls
  8 naga sharpshooters
  6 orc high priests (Orc:4)
  9 spriggans
  A wretched star (Abyss:2)
  An iron troll (shapeshifter) (Vaults:3)
  A death drake (shapeshifter) (Depths:3)
  3 shadow wraiths
  5 fire crabs
  3 flayed ghosts
  24 deep trolls
  An infernal demonspawn (Depths:3)
  A fire crab (shapeshifter) (Vaults:1)
  A deep troll (shapeshifter) (Depths:2)
  6 salamander mystics
  7 skeletal warriors
  5 wizards
  13 deep elf summoners
  2 starcursed masses (Abyss:2)
  4 spriggan druids
  5 naga ritualists
  13 swamp dragons
  2 shambling mangroves
  7 giant orange brains
  A wolf spider zombie (D:15)
  An unseen horror (D:12)
  A harpy (shapeshifter) (Vaults:4)
  A lindwurm (Lair:8)
  7 orc sorcerers
  10 ironbrand convokers
  4 necromancers
  6 mana vipers
  17 deep elf conjurers
  A sixfirhy (Abyss:2)
  24 salamanders
  2 salamanders (shapeshifter)
  15 hill giants
  A tengu skeleton (Depths:2)
  A wolf spider (shapeshifter) (Depths:2)
  12 harpies
  11 cyclopes
  3 hornets
  46 ugly things
  7 manticores
  4 wolf spiders
  13 griffons
  18 orc knights
  A shining eye (shapeshifter) (Vaults:3)
  A draconian (shapeshifter) (Vaults:1)
  12 vault sentinels
  4 guardian serpents
  27 elephants
  Joseph (D:7)
  29 black mambas
  A queen ant (Lair:3)
  A torpor snail (shapeshifter) (D:12)
  24 spiny frogs
  19 naga magi
  5 gargoyles
  A spiny frog (shapeshifter) (Vaults:1)
  A torpor snail (Lair:6)
  2 efreet
  12 komodo dragons
  48 yaktaurs
  4 tengu conjurers
  An elf (shapeshifter) (Vaults:3)
  2 fire drakes (shapeshifter)
  7 fire drakes
  A tengu simulacrum (Vaults:3)
  3 polar bears
  A hellwing (Depths:3)
  2 kobold demonologists (Vaults:2)
  12 deep elf priests
  A red devil (Depths:3)
  7 freezing wraiths
  2 polar bears (shapeshifter)
  2 jumping spiders
  A jumping spider (shapeshifter) (Vaults:4)
  18 two-headed ogres
  10 trolls
  2 raiju
  A slime creature (shapeshifter) (Vaults:4)
  46 slime creatures
  14 blink frogs
  A baby alligator (shapeshifter) (Vaults:1)
  7 giant leeches
  8 boulder beetles
  5 bog bodies
  8 ravens
  A flying skull (Abyss:2)
  2 ugly thing zombies (Vaults:2)
  3 wyverns
  3 vampires
  A basilisk (shapeshifter) (Depths:1)
  A yak (shapeshifter) (D:14)
  2 water elementals (D:14)
  3 basilisks
  A trapdoor spider (D:15)
  34 deep elf magi
  An ugly thing skeleton (Vaults:2)
  8 air elementals
  6 redbacks
  2 spriggan skeletons (Depths:2)
  A ynoxinul (Abyss:1)
  Eustachio (D:6)
  2 fire elementals
  57 yaks
  14 wolves
  17 hippogriffs
  3 hungry ghosts
  Grum (D:13)
  42 vampire mosquitoes
  A steam dragon (D:12)
  5 wraiths
  A spriggan simulacrum (Depths:2)
  24 swamp worms
  4 shadows
  8 wargs
  2 mottled dragons
  45 deep elf fighters
  A deep troll zombie (Vaults:2)
  10 insubstantial wisps
  3 large abominations
  A neqoxec (Depths:3)
  15 porcupines
  A golden eye (shapeshifter) (D:14)
  63 nagas
  8 hell hounds
  5 soldier ants (Lair:3)
  An ogre skeleton (Vaults:2)
  A deep dwarf (shapeshifter) (Vaults:3)
  7 swamp drakes
  7 sky beasts
  52 water moccasins
  4 phantoms
  5 ice beasts
  8 wasps
  8 spiders (Lair:6)
  53 ogres
  3 eyes of draining
  An eye of draining (shapeshifter) (Depths:4)
  85 orc warriors
  A sky beast (shapeshifter) (Vaults:1)
  13 boggarts
  A necrophage (D:11)
  24 crocodiles
  2 vampire mosquito zombies (Vaults:2)
  32 centaurs
  Sigmund (D:5)
  Duvessa (D:5)
  A giant frog (shapeshifter) (Depths:3)
  A lost soul (Elf:2)
  3 big kobolds
  A yaktaur zombie (Vaults:2)
  19 giant frogs
  A fire crab zombie (Vaults:2)
  3 wyvern zombies (D:14)
  A gnoll sergeant (D:10)
  2 earth elementals (Depths:4)
  A scorpion (D:4)
  5 wyvern skeletons
  28 wights
  20 killer bees
  5 electric eels
  A human simulacrum (Vaults:1)
  Dowan (D:5)
  A wasp zombie (D:11)
  3 centaur zombies
  6 crimson imps
  20 jellies
  A jelly (shapeshifter) (Vaults:3)
  51 orc priests
  A quasit (D:10)
  6 centaur skeletons
  A giant frog zombie (D:10)
  2 iron imps
  2 giant frog skeletons
  15 hounds
  56 orc wizards
  9 iguanas
  2 hell rats (Elf:1)
  17 worker ants
  2 killer bee zombies
  12 sheep
  An ogre zombie (Vaults:2)
  A hound zombie (D:9)
  2 hound skeletons
  4 mummies
  A worker ant zombie (D:7)
  6 gnolls
  50 river rats
  5 shadow imps
  32 adders
  A white imp (Depths:4)
  2 worms
  2 ufetubi (Abyss:1)
  2 adder skeletons (D:7)
  6 giant geckos
  8 oozes
  345 orcs
  A bat skeleton (D:8)
  A bat zombie (D:6)
  4 giant cockroaches
  31 goblins
  33 hobgoblins
  An ooze (shapeshifter) (Depths:1)
  3 ball pythons (D:4)
  22 bats
  A giant gecko zombie (D:5)
  5 giant newts
  A giant spore (D:11)
  2 jackals (D:4)
  24 kobolds
  9 quokkas
  25 rats
  6 ballistomycetes (D:11)
  A briar patch (Swamp:5)
  8 bushes (Lair:8)
  A butterfly (Lair:5)
  3 crawling corpses (Vaults:1)
  9 fungi
  4 plants
  A starspawn tentacle (Abyss:2)
  A starspawn tentacle segment (Abyss:2)
2802 creatures vanquished.

Vanquished Creatures (collateral kills)
  2 killer bees (D:9)
  A gnoll (D:1)
  An adder (D:2)
  A hobgoblin (D:2)
  2 jackals (D:4)
  2 goblins
  A kobold (D:2)
10 creatures vanquished.

Vanquished Creatures (others)
  An ogre mage (Vaults:3)
  A giant orange brain (Depths:4)
  A spiny frog (Lair:1)
  21 fire vortices
  A deep elf fighter (Elf:1)
  A lost soul (Vaults:4)
  2 killer bees (D:9)
  A ballistomycete (D:11)
  52 fungi
  28 plants
  A starspawn tentacle (Abyss:2)
  5 starspawn tentacle segments (Abyss:2)
115 creatures vanquished.

Grand Total: 2927 creatures vanquished

Notes
Turn   | Place    | Note
--------------------------------------------------------------
     0 | D:1      | faibistes, the Deep Elf Wizard, began the quest for the Orb.
     0 | D:1      | Reached XP level 1. HP: 10/10 MP: 6/6
   277 | D:1      | Reached XP level 2. HP: 10/15 MP: 2/10
   281 | D:1      | Learned a level 2 spell: Blink
   284 | D:1      | Learned a level 2 spell: Call Imp
   500 | D:1      | Reached skill level 5 in Spellcasting
   831 | D:1      | Reached XP level 3. HP: 19/19 MP: 11/14
   836 | D:1      | Learned a level 3 spell: Conjure Flame
   841 | D:1      | Learned a level 3 spell: Mephitic Cloud
  1230 | D:1      | Learned a level 2 spell: Repel Missiles
  1302 | D:1      | Reached XP level 4. HP: 24/24 MP: 13/17
  1434 | D:2      | Found a bloodstained altar of Trog.
  2115 | D:3      | Found an opulent altar of Gozag.
  2692 | D:4      | Reached skill level 6 in Spellcasting
  2827 | D:4      | Reached XP level 5. HP: 28/28 MP: 6/20
  3020 | D:3      | Found a burning altar of Makhleb.
  3022 | D:3      | Found a glowing silver altar of Zin.
  3022 | D:3      | Noticed an angel
  3024 | D:3      | Noticed a green death
  3696 | D:4      | Reached XP level 6. HP: 32/32 MP: 19/22
  3832 | D:5      | Entered Level 5 of the Dungeon
  3836 | D:5      | Reached skill level 7 in Spellcasting
  4338 | D:4      | Reached skill level 1 in Fighting
  4649 | D:4      | Found a staircase to the Ecumenical Temple.
  4676 | Temple   | Entered the Ecumenical Temple
  5064 | D:5      | Reached XP level 7. HP: 39/39 MP: 13/25
  5143 | D:4      | Reached skill level 8 in Spellcasting
  5388 | D:5      | Noticed Duvessa
  5388 | D:5      | Noticed Dowan
  5397 | D:5      | Killed Duvessa
  5401 | D:5      | Killed Dowan
  5401 | D:5      | Reached skill level 5 in Dodging
  5560 | D:5      | Noticed Sigmund
  5598 | D:5      | Killed Sigmund
  5727 | D:6      | Reached XP level 8. HP: 43/46 MP: 17/28
  5736 | D:6      | Reached skill level 9 in Spellcasting
  6550 | D:5      | Reached skill level 10 in Spellcasting
  7263 | D:6      | Noticed Eustachio
  7283 | D:6      | Reached skill level 5 in Fighting
  7512 | D:5      | Reached XP level 9. HP: 54/54 MP: 17/30
  7776 | D:6      | Killed Eustachio
  8004 | D:6      | Reached skill level 11 in Spellcasting
  8800 | D:6      | Learned a level 2 spell: Swiftness
  8803 | D:6      | Learned a level 2 spell: Stoneskin
  8807 | D:6      | Learned a level 3 spell: Passwall
  8978 | D:7      | Found Muurr's Distillery.
  8985 | D:7      | Bought a potion of heal wounds for 65 gold pieces
  8985 | D:7      | Bought a potion of haste for 130 gold pieces
  9801 | D:7      | Noticed Joseph
  9801 | D:7      | Noticed a centaur skeleton
  9817 | D:7      | Killed Joseph
  9817 | D:7      | Reached skill level 12 in Spellcasting
  9817 | D:7      | Reached skill level 1 in Evocations
  9823 | D:7      | Killed a centaur skeleton
 10080 | D:6      | Reached XP level 10. HP: 61/61 MP: 25/33
 10319 | D:8      | Found a shattered altar of Ashenzari.
 10652 | D:8      | Found a staircase to the Lair.
 10654 | D:8      | Noticed a komodo dragon
 10680 | D:8      | Killed a komodo dragon
 11452 | D:8      | Found a shimmering altar of Xom.
 11458 | D:8      | Found an ancient bone altar of Kikubaaqudgha.
 11848 | D:10     | Entered Level 10 of the Dungeon
 11848 | D:10     | Noticed faibistes' ghost (powerful DEWz)
 11855 | D:10     | Killed faibistes' ghost
 11855 | D:10     | Reached skill level 13 in Spellcasting
 12682 | D:9      | Found a deep blue altar of Sif Muna.
 12690 | D:9      | Became a worshipper of Sif Muna the Loreminder
 12696 | D:9      | Found a stormy altar of Qazlal.
 12696 | D:9      | Found a basalt altar of Yredelemnul.
 12704 | D:9      | Found a sacrificial altar of Ru.
 12704 | D:9      | Found an iron altar of Okawaru.
 12848 | Lair:1   | Entered Level 1 of the Lair of Beasts
 12891 | Lair:1   | Reached skill level 1 in Fire Magic
 13004 | Lair:1   | Reached skill level 1 in Air Magic
 13004 | Lair:1   | Reached skill level 1 in Earth Magic
 13211 | D:8      | Learned a level 4 spell: Sticky Flame
 13345 | Lair:1   | Reached skill level 1 in Poison Magic
 13535 | Lair:1   | Reached XP level 11. HP: 57/68 MP: 4/35
 13549 | Lair:1   | Acquired Sif Muna's first power
 13735 | Lair:2   | Learned a level 5 spell: Fireball
 13741 | Lair:2   | Learned a level 5 spell: Lee's Rapid Deconstruction
 14932 | Lair:2   | Acquired Sif Muna's second power
 15040 | Lair:2   | Reached skill level 14 in Spellcasting
 15495 | Lair:4   | Noticed a catoblepas
 15507 | Lair:4   | Killed a catoblepas
 15507 | Lair:4   | Reached skill level 1 in Transmutations
 15507 | Lair:4   | Reached skill level 1 in Invocations
 15973 | Lair:2   | Learned a level 4 spell: Airstrike
 16037 | Lair:2   | Reached skill level 1 in Charms
 16360 | Lair:2   | Reached XP level 12. HP: 66/73 MP: 11/36
 17100 | Lair:3   | Reached skill level 5 in Evocations
 17295 | Lair:3   | Reached skill level 5 in Earth Magic
 17385 | Lair:3   | Reached skill level 5 in Conjurations
 18286 | Lair:4   | Acquired Sif Muna's third power
 18286 | Lair:4   | Reached skill level 5 in Fire Magic
 19485 | Lair:4   | Found a staircase to the Snake Pit.
 19814 | Lair:4   | Found a staircase to the Swamp.
 19961 | Lair:5   | Reached skill level 5 in Air Magic
 20435 | Lair:4   | Noticed a death yak
 20453 | Lair:4   | Noticed a death yak
 20455 | Lair:4   | Killed a death yak
 20469 | Lair:4   | Killed a death yak
 20860 | Lair:4   | Reached skill level 10 in Dodging
 21324 | Lair:5   | Reached skill level 15 in Spellcasting
 21611 | Lair:5   | Reached XP level 13. HP: 78/78 MP: 35/37
 22827 | Lair:6   | Found a hole to the Spider Nest.
 23118 | Lair:6   | Found a runed door.
 23175 | Lair:6   | Found a staircase to the Slime Pits.
 23342 | Lair:6   | Reached skill level 5 in Charms
 23369 | Lair:6   | Received a gift from Sif Muna
 23369 | Lair:6   | Reached skill level 5 in Invocations
 23703 | Lair:6   | Learned a level 5 spell: Ignite Poison
 24308 | Lair:6   | Noticed a six-headed hydra
 24315 | Lair:6   | Killed a six-headed hydra
 24677 | Lair:7   | Reached skill level 5 in Translocations
 25269 | Lair:8   | Entered Level 8 of the Lair of Beasts
 25641 | Lair:7   | Reached XP level 14. HP: 78/84 MP: 8/38
 26285 | Lair:8   | Received a gift from Sif Muna
 26288 | Lair:8   | Identified Sif Muna's Guide on Helpful Poison (Sif Muna gifted it to you on level 8 of the Lair of Beasts)
 27151 | Lair:7   | Learned a level 6 spell: Bolt of Fire
 28578 | Lair:8   | Reached skill level 16 in Spellcasting
 31009 | D:10     | Noticed a hill giant
 31025 | D:10     | Killed a hill giant
 31875 | D:11     | Found Annaj's Antique Armour Boutique.
 32488 | D:11     | Found a glowing golden altar of the Shining One.
 32494 | D:11     | Found an iron altar of Okawaru.
 32502 | D:11     | Reached XP level 15. HP: 61/89 MP: 16/40
 32596 | D:11     | Found Reoj's Antique Armour Shop.
 32615 | D:11     | Bought a pair of glowing gloves for 121 gold pieces
 32646 | D:11     | Found Sheoj's Antique Weapon Shop.
 32978 | D:11     | Found Cheasmoga's Magic Scroll Shop.
 32986 | D:11     | Bought a scroll of blinking for 90 gold pieces
 32986 | D:11     | Bought a scroll of acquirement for 624 gold pieces
 32987 | D:11     | Identified the Guide on Unstable Good Luck (You acquired it on level 11 of the Dungeon)
 32994 | D:11     | Learned a level 4 spell: Force Lance
 33720 | D:11     | Identified Sif Muna's Almanac of Snow and Earth
 34051 | D:12     | Found Kucatinu's Book Shoppe.
 35680 | D:12     | Found a staircase to the Orcish Mines.
 35683 | D:12     | Found Phuidugg's Weapon Emporium.
 36476 | Orc:1    | Entered Level 1 of the Orcish Mines
 37727 | Orc:3    | Found Lyocvy's Assorted Antiques.
 37734 | Orc:3    | Bought a smoking hand axe for 200 gold pieces
 37734 | Orc:3    | Bought a scroll of blinking for 187 gold pieces
 37734 | Orc:3    | Bought a silver ring for 125 gold pieces
 37734 | Orc:3    | Identified the +6 hand axe of Lopedom {drain, rF++ rN+ Str+6 Stlth-} (You bought it in a shop on level 3 of the Orcish Mines)
 37828 | Orc:3    | Bought a fuming golden potion for 22 gold pieces
 37829 | Orc:3    | Gained mutation: You are partially covered in iridescent scales (AC +4). [potion of beneficial mutation]
 37930 | Orc:4    | Entered Level 4 of the Orcish Mines
 38795 | Orc:2    | Found a shimmering altar of Xom.
 38865 | Orc:1    | Found Wiebituz's Book Shoppe.
 39081 | Orc:3    | Found a staircase to the Elven Halls.
 39483 | Orc:1    | Found a burning altar of Makhleb.
 40268 | Orc:3    | Found Loytt's Distillery.
 40273 | Orc:3    | Noticed Gastronok
 40280 | Orc:3    | Killed Gastronok
 40370 | Orc:3    | Bought a potion of heal wounds for 60 gold pieces
 40783 | Orc:3    | Found Ijoekoa's Armour Boutique.
 41652 | Orc:4    | Found a roughly hewn altar of Beogh.
 41960 | Orc:4    | Found Heago's Armour Boutique.
 42060 | Orc:4    | Found Cieruewk's Antique Armour Shop.
 42065 | Orc:4    | Bought a glowing helmet for 130 gold pieces
 43182 | Orc:4    | Reached skill level 10 in Earth Magic
 43667 | Orc:4    | Reached skill level 10 in Fire Magic
 43986 | Orc:4    | Found a roughly hewn altar of Beogh.
 44390 | Orc:4    | Found Schesi's Food Boutique.
 44514 | Orc:4    | Found Ehoikasch's Magic Scroll Shop.
 44674 | Orc:4    | Bought a scroll of holy word for 75 gold pieces
 44674 | Orc:4    | Bought a scroll of blinking for 75 gold pieces
 44674 | Orc:4    | Bought a scroll of teleportation for 30 gold pieces
 44674 | Orc:4    | Bought a scroll of amnesia for 35 gold pieces
 44674 | Orc:4    | Bought a scroll of amnesia for 35 gold pieces
 44743 | Orc:4    | Reached skill level 10 in Conjurations
 45239 | Orc:4    | Received a gift from Sif Muna
 45346 | Orc:4    | Identified Sif Muna's Volume of Self-Improvement and Clay (Sif Muna gifted it to you on level 4 of the Orcish Mines)
 45364 | Orc:4    | Identified the Tome of Creative Orientation (You found it on level 4 of the Orcish Mines)
 45396 | Orc:4    | Reached skill level 17 in Spellcasting
 46109 | Lair:2   | Learned a level 6 spell: Deflect Missiles
 46341 | Elf:1    | Entered Level 1 of the Elven Halls
 46587 | Elf:1    | Found Wedd's General Store.
 46587 | Elf:1    | Noticed faibistes' ghost (powerful DEWz)
 46752 | Elf:1    | Reached XP level 16. HP: 96/96 MP: 41/41
 48101 | Elf:1    | Killed faibistes' ghost
 48425 | Elf:1    | You fall through a shaft!
 48685 | Elf:2    | Found a runed gate.
 48711 | Elf:2    | Found a runed gate.
 48716 | Elf:2    | Found a runed gate.
 48834 | Elf:2    | Reached skill level 10 in Invocations
 50063 | Elf:2    | Received a gift from Sif Muna
 50538 | Lair:2   | Learned a level 6 spell: Haste
 50752 | Orc:3    | Bought a potion of invisibility for 96 gold pieces
 50879 | Orc:4    | Bought a scroll of teleportation for 30 gold pieces
 52940 | Snake:1  | Entered Level 1 of the Snake Pit
 53417 | Snake:1  | Reached XP level 17. HP: 100/100 MP: 38/42
 53500 | Snake:1  | Found a flickering gateway to a bazaar.
 53512 | Bazaar   | Entered a bazaar
 53512 | Bazaar   | Found Pnahain's Weapon Emporium.
 53512 | Bazaar   | Found Seckuimu's Armour Shoppe.
 53513 | Bazaar   | Found Twies' Book Shop.
 53514 | Bazaar   | Found Qiunic's Assorted Antiques.
 53566 | Bazaar   | Bought a +2 cloak of magic resistance for 279 gold pieces
 53580 | Bazaar   | Bought a scroll of blinking for 135 gold pieces
 53580 | Bazaar   | Bought a fine hand axe for 144 gold pieces
 53580 | Bazaar   | Bought a scroll of teleportation for 54 gold pieces
 53580 | Bazaar   | Bought a scroll of magic mapping for 63 gold pieces
 53591 | Snake:1  | Identified the +7 hand axe of Plialoona {distort, rElec Dex+3 Stlth+} (You bought it in a shop in a bazaar)
 53637 | Snake:1  | Reached skill level 10 in Charms
 53775 | Snake:1  | Got a brightly glowing quarterstaff
 53776 | Snake:1  | Cast into the Abyss (a distortion unwield)
 53782 | Abyss:1  | Identified the +6 quarterstaff of Furghomeny {antimagic, +Blink rElec Int+2 Dex+2} (You found it on level 1 of the Snake Pit)
 54046 | Abyss:2  | Reached skill level 18 in Spellcasting
 54328 | Snake:1  | Escaped the Abyss
 54649 | Snake:1  | Received a gift from Sif Muna
 54650 | Snake:1  | Identified Sif Muna's Compendium of Twisted Transmigration (Sif Muna gifted it to you on level 1 of the Snake Pit)
 56580 | Snake:4  | Noticed Louise
 56584 | Snake:4  | Killed Louise
 58298 | Snake:5  | Entered Level 5 of the Snake Pit
 58300 | Snake:5  | Reached skill level 10 in Fighting
 60314 | Snake:1  | Received a gift from Sif Muna
 60315 | Snake:1  | Identified Sif Muna's Collected Works on Attacks (Sif Muna gifted it to you on level 1 of the Snake Pit)
 60672 | Lair:2   | Learned a level 7 spell: Ring of Flames
 61103 | Snake:5  | Noticed Aizul
 61242 | Snake:5  | Killed Aizul
 61838 | Snake:5  | Reached XP level 18. HP: 107/107 MP: 40/43
 63427 | Snake:5  | Reached skill level 19 in Spellcasting
 63835 | Snake:5  | Received a gift from Sif Muna
 63836 | Snake:5  | Identified Sif Muna's Papyrus of Augmentations (Sif Muna gifted it to you on level 5 of the Snake Pit)
 64624 | Snake:5  | Got a serpentine rune of Zot
 65760 | D:13     | Noticed Grum
 65761 | D:13     | Killed Grum
 66052 | D:15     | Entered Level 15 of the Dungeon
 67233 | D:14     | Found Prierair's Assorted Antiques.
 67241 | D:14     | Bought a dented fluorescent amulet for 190 gold pieces
 67242 | D:14     | Bought a chunky leatherbound book for 570 gold pieces
 67800 | D:14     | Found a gate to the Vaults.
 69349 | D:15     | Found a portal to a secret trove of treasure.
 70243 | D:15     | Received a gift from Sif Muna
 70244 | D:15     | Identified Sif Muna's Compendium of Self-Knowledge (Sif Muna gifted it to you on level 15 of the Dungeon)
 70408 | D:15     | Found a staircase to the Depths.
 70660 | Lair:2   | Learned a level 6 spell: Poisonous Cloud
 70727 | Swamp:1  | Entered Level 1 of the Swamp
 71620 | Swamp:2  | Reached XP level 19. HP: 108/113 MP: 20/44
 71964 | Swamp:3  | Noticed Agnes
 71972 | Swamp:3  | Killed Agnes
 72680 | Swamp:1  | Identified the Compendium of the Glacier and Combat Magic (You found it on level 1 of the Swamp)
 74529 | Swamp:3  | Noticed faibistes' ghost (mighty DEWz)
 74538 | Swamp:3  | Killed faibistes' ghost
 75014 | Swamp:5  | Entered Level 5 of the Swamp
 75054 | Swamp:4  | Received a gift from Sif Muna
 75055 | Swamp:4  | Identified Sif Muna's Incunabulum of Dislocated Combat Magic (Sif Muna gifted it to you on level 4 of the Swamp)
 75238 | Swamp:5  | Reached skill level 20 in Spellcasting
 75241 | Swamp:5  | Reached skill level 5 in Poison Magic
 76630 | Swamp:3  | Found a glowing golden altar of the Shining One.
 79106 | Swamp:5  | Got a decaying rune of Zot
 79725 | Lair:2   | Learned a level 6 spell: Iron Shot
 79926 | Vaults:1 | Entered Level 1 of the Vaults
 79931 | Vaults:1 | Received a gift from Sif Muna
 79932 | Vaults:1 | Identified Nurghy's Almanac of Arcane Weapons (Sif Muna gifted it to you on level 1 of the Vaults)
 80417 | Vaults:1 | Found a flickering gateway to a bazaar.
 80437 | Bazaar   | Entered a bazaar
 80553 | Bazaar   | Found Strechore's Antique Armour Boutique.
 80560 | Bazaar   | Found Egaexa's Jewellery Emporium.
 80578 | Bazaar   | Found Twoapnant's General Store.
 80580 | Bazaar   | Found Qedurph's Gadget Emporium.
 80617 | Bazaar   | Bought a pair of embroidered boots for 139 gold pieces
 80635 | Bazaar   | Bought the amulet "Sunwadin" {Ward rPois rN+ Str+4 SInv} for 543 gold pieces
 81671 | Vaults:1 | Noticed faibistes' ghost (mighty DEWz)
 81675 | Vaults:1 | Killed faibistes' ghost
 81675 | Vaults:1 | Reached XP level 20. HP: 120/120 MP: 13/45
 81808 | Vaults:1 | Identified a -1 rod of destruction (10/10) (You found it on level 1 of the Vaults)
 81945 | Vaults:1 | Reached skill level 15 in Earth Magic
 82315 | Vaults:1 | Reached skill level 15 in Fire Magic
 82354 | Vaults:1 | Reached skill level 15 in Conjurations
 82380 | Vaults:1 | Received a gift from Sif Muna
 82381 | Vaults:1 | Identified Sif Muna's Tome of Feathery Aid (Sif Muna gifted it to you on level 1 of the Vaults)
 84216 | Vaults:2 | Noticed Jorgrun
 84218 | Vaults:2 | Killed Jorgrun
 84767 | Vaults:2 | Reached skill level 21 in Spellcasting
 85130 | Vaults:2 | Received a gift from Sif Muna
 85131 | Vaults:2 | Identified Sif Muna's Volume of Talismans (Sif Muna gifted it to you on level 2 of the Vaults)
 85957 | Vaults:2 | Found Shakuak's Food Boutique.
 86252 | Vaults:2 | Noticed Sojobo
 86273 | Vaults:2 | Killed Sojobo
 86463 | Vaults:2 | Found a staircase to the Crypt.
 87425 | Vaults:2 | Reached XP level 21. HP: 125/125 MP: 46/46
 87867 | Vaults:3 | Noticed Donald
 87882 | Vaults:3 | Killed Donald
 88336 | Vaults:3 | Found Khea's Jewellery Boutique.
 88502 | Vaults:3 | Received a gift from Sif Muna
 88503 | Vaults:3 | Identified Sif Muna's Collected Works on Destructive Contamination (Sif Muna gifted it to you on level 3 of the Vaults)
 89149 | Vaults:3 | Got a vibrating turquoise ring
 89151 | Vaults:3 | Identified the ring of Pragmatism {Wiz rF+ Str+2} (You found it on level 3 of the Vaults)
 91069 | Lair:2   | Learned a level 5 spell: Iskenderun's Battlesphere
 92508 | Vaults:4 | Received a gift from Sif Muna
 92788 | Vaults:4 | Reached skill level 22 in Spellcasting
 92907 | Vaults:4 | Found Gaix Uga's Armour Boutique.
 95137 | Depths:1 | Entered Level 1 of the Depths
 95946 | Depths:1 | Reached XP level 22. HP: 130/132 MP: 16/47
 96782 | Depths:1 | Received a gift from Sif Muna
 97040 | Depths:2 | Found a gateway to a ziggurat.
 97047 | Depths:3 | Noticed Wiglaf
 97212 | Depths:2 | Killed Wiglaf
 97496 | Depths:3 | Noticed Margery
 97573 | Depths:2 | Found Yptafas' Distillery.
 97718 | Depths:3 | Killed Margery
 98792 | Depths:2 | Found Ublisoq's Assorted Antiques.
 99025 | Depths:2 | Bought a crude falchion for 224 gold pieces
 99025 | Depths:2 | Identified the +4 falchion "Orb Guardian's Bane" {slice, Str+5} (You bought it in a shop on level 2 of the Depths)
 99422 | Depths:3 | Received a gift from Sif Muna
 99440 | Depths:2 | Found an iron altar of Okawaru.
100448 | Depths:1 | Got a pitted wooden ring
100463 | Depths:1 | Identified the ring of Khoekik {rF- rC+ Str+3 Slay+2 SInv Stlth+} (You took it off a yaktaur captain on level 1 of the Depths)
100824 | Depths:1 | Found a one-way gate leading to the halls of Pandemonium.
101126 | Depths:1 | Found a one-way gate to the infinite horrors of the Abyss.
101217 | Depths:1 | Found Pnouv's Gadget Boutique.
101225 | Depths:1 | Bought a wand of heal wounds (2) for 684 gold pieces
101478 | Depths:1 | Found a gateway to Hell.
101867 | Lair:2   | Learned a level 9 spell: Shatter
101872 | Lair:2   | Learned a level 4 spell: Airstrike
102127 | Depths:2 | Bought a potion of magic for 120 gold pieces
102127 | Depths:2 | Bought a potion of magic for 120 gold pieces
102237 | Depths:2 | Found Jaapsess' Food Shoppe.
102390 | Depths:2 | Found Smeock's Antique Armour Shoppe.
102852 | Depths:2 | Reached skill level 23 in Spellcasting
103182 | Depths:2 | Reached XP level 23. HP: 120/138 MP: 19/48
103365 | Depths:2 | Found Mosyar's Antique Armour Boutique.
103752 | Depths:2 | Received a gift from Sif Muna
103753 | Depths:2 | Identified Sif Muna's Tome of the Compass (Sif Muna gifted it to you on level 2 of the Depths)
105678 | Depths:3 | Found Rapp's Gadget Boutique.
105688 | Depths:3 | Gained mutation: Your body is slowly deteriorating. [a neqoxec]
105901 | Depths:5 | Entered Level 5 of the Depths
106050 | Depths:4 | Noticed Saint Roka
106054 | Depths:4 | Killed Saint Roka
106284 | Depths:3 | Received a gift from Sif Muna
106286 | Depths:3 | Identified Sif Muna's Tome of Confrontation and the Arsonist (Sif Muna gifted it to you on level 3 of the Depths)
106654 | Depths:3 | Learned a level 9 spell: Fire Storm
106655 | Depths:3 | Got a steaming amethyst amulet
106656 | Depths:3 | Identified the amulet of Likaf {Spirit MR+ Str+3} (You found it on level 3 of the Depths)
106662 | Depths:3 | Noticed a caustic shrike
106667 | Depths:3 | Killed a caustic shrike
107746 | Depths:4 | Got a translucent pewter amulet
107747 | Depths:4 | Identified the amulet "Waadiag" {Clar rN+ Dex+7} (You found it on level 4 of the Depths)
108289 | Depths:4 | Found Grierr's Weapon Boutique.
108329 | Depths:5 | Found Pnois' Weapon Shop.
109064 | Depths:4 | Received a gift from Sif Muna
109232 | Depths:4 | Found a large runed door.
109232 | Depths:4 | Found a large runed door.
109460 | Depths:4 | Noticed Nergalle
109461 | Depths:4 | Killed Nergalle
110290 | Depths:4 | Reached XP level 24. HP: 144/144 MP: 48/48
110670 | Depths:4 | Noticed an ancient lich
110689 | Depths:4 | Killed from afar by a war gargoyle

Action                   |  1- 3 |  4- 6 |  7- 9 | 10-12 | 13-15 | 16-18 | 19-21 | 22-24 || total
-------------------------+-------+-------+-------+-------+-------+-------+-------+-------++-------
Melee: Unarmed           |    10 |       |       |       |       |       |       |       ||    10
       Dagger            |     3 |     1 |       |       |       |       |       |       ||     4
       Short sword       |       |     4 |    24 |   134 |    75 |       |       |       ||   237
       Hand axe          |       |       |       |       |    25 |     8 |    23 |    23 ||    79
       Staff             |       |       |       |       |       |       |       |     5 ||     5
 Cast: Magic Dart        |    69 |   205 |   428 |   359 |    45 |       |       |       ||  1106
       Call Imp          |     6 |     4 |       |     4 |       |       |       |       ||    14
       Mephitic Cloud    |     1 |    12 |    19 |    29 |     7 |       |       |       ||    68
       Repel Missiles    |     1 |     2 |     1 |     2 |       |       |       |       ||     6
       Blink             |     1 |     1 |    10 |     8 |    19 |       |     2 |     2 ||    43
       Conjure Flame     |       |     4 |    25 |    88 |    60 |       |       |       ||   177
       Sticky Flame      |       |       |       |   137 |   121 |       |       |       ||   258
       Stoneskin         |       |       |       |     5 |     1 |       |       |       ||     6
       Fireball          |       |       |       |    35 |   307 |   171 |   179 |    66 ||   758
       Airstrike         |       |       |       |    12 |    80 |    92 |    38 |    10 ||   232
       Lee's Rapid Decon |       |       |       |     5 |   171 |   145 |   144 |    72 ||   537
       Ignite Poison     |       |       |       |       |    66 |   139 |    72 |     5 ||   282
       Swiftness         |       |       |       |       |     1 |       |       |       ||     1
       Bolt of Fire      |       |       |       |       |   121 |   276 |   351 |   260 ||  1008
       Force Lance       |       |       |       |       |    21 |   137 |    26 |    28 ||   212
       Deflect Missiles  |       |       |       |       |     1 |    13 |     5 |     6 ||    25
       Haste             |       |       |       |       |       |     5 |     1 |       ||     6
       Ring of Flames    |       |       |       |       |       |     7 |    49 |    28 ||    84
       Poisonous Cloud   |       |       |       |       |       |       |    16 |     4 ||    20
       Iron Shot         |       |       |       |       |       |       |    30 |    93 ||   123
       Fire Storm        |       |       |       |       |       |       |       |    13 ||    13
       Shatter           |       |       |       |       |       |       |       |     3 ||     3
Invok: Channel Energy    |       |       |       |    17 |    42 |   152 |   110 |    85 ||   406
       Forget Spell      |       |       |       |       |     3 |       |     1 |       ||     4
Evoke: Wand              |       |       |    15 |     3 |     2 |     1 |     2 |     4 ||    27
  Use: Scroll            |       |     1 |     8 |    20 |    16 |    12 |    11 |    10 ||    78
       Potion            |       |       |       |     1 |     3 |     7 |     3 |       ||    14
 Stab: Sleeping          |       |     1 |       |       |       |       |       |       ||     1
       Confused          |       |       |     1 |     1 |       |       |       |       ||     2
       Paralysed         |       |       |       |       |       |     1 |       |       ||     1
  Eat: Chunk             |     1 |    10 |    16 |    35 |    77 |    55 |    51 |    43 ||   288
       Fruit             |       |       |       |     2 |     8 |     4 |       |       ||    14
       Pizza             |       |       |       |     1 |     1 |     3 |     3 |     1 ||     9
       Beef jerky        |       |       |       |       |     4 |     3 |     4 |     3 ||    14
       Meat ration       |       |       |       |       |       |     3 |       |       ||     3
       Bread ration      |       |       |       |       |       |     4 |     7 |     3 ||    14
